AoeStats
← Dodô Pressão

Black Forest

504252230Analyzed
3v3 RM · 29d ago on Sep 4, 2026· 39m 52s· 6 players
Game mode
Random Map
Map size
Normal (6 player)
Population
200
Speed
Normal
Resources
Standard
Victory
Conquest
Starting age
Dark Age
Ending age
Imperial Age
RankedLock teamsTeams togetherTeam positionsShared explorationLock speedFull tech treeHidden civsTurbo modeCheats
Victory
Defeat
🇮🇳 Turks · India
611
+14
🇫🇷 Goths · France
584
+16
🇩🇪 Lithuanians · Germany
459
+21
🇺🇸 Celts · United States
613
-19
🇺🇸 Chinese · United States
555
-16
🇧🇷 Burgundians · Brazil
554
-16
yeray_pacheco
1:10 Loom
17:55 Feudal Age
18:35 Double-Bit Axe
20:52 Horse Collar
21:14 Stone Mining
27:43 Castle Age
26:33 Gold Mining
26:44 Fletching
28:03 Wheelbarrow
29:44 Bodkin Arrow
31:10 Squires
30:32 Man-at-Arms
32:00 Thumb Ring
32:36 Padded Archer Armor
35:20 Murder Holes
35:56 Heavy Plow
36:09 Forging
36:00 Scale Mail Armor
35:50 Arson
38:28 Bow Saw
Dodô Pressão
4:56 Loom
15:30 Feudal Age
15:54 Double-Bit Axe
20:04 Castle Age
18:24 Bow Saw
26:10 Gold Mining
26:11 Stone Mining
30:02 Wheelbarrow
32:35 Hand Cart
33:36 Two-Man Saw
33:42 Gold Shaft Mining
33:42 Stone Shaft Mining
32:57 Horse Collar
36:49 Imperial Age
35:26 Heavy Plow
37:01 Forging
36:56 Scale Barding Armor
36:52 Scale Mail Armor
36:43 Fletching
36:53 Padded Archer Armor
39:23 Elite Coustillier
40:10 Burgundian Vineyards
hubssha2
2:28 Loom
14:08 Feudal Age
19:29 Double-Bit Axe
23:10 Castle Age
22:19 Horse Collar
22:27 Fishing Lines
25:55 Wheelbarrow
27:04 Hand Cart
28:49 Fortified Wall
32:52 Imperial Age
31:00 Pikeman
32:28 Gold Mining
32:45 Heavy Plow
32:08 Elite Skirmisher
34:14 Caravan
36:37 Bow Saw
ॐPixoॐ
3:14 Loom
16:15 Feudal Age
17:42 Stone Mining
17:34 Horse Collar
17:45 Double-Bit Axe
24:02 Castle Age
23:20 Fletching
25:50 Stone Shaft Mining
25:15 Gold Mining
25:48 Bow Saw
25:40 Bodkin Arrow
27:01 Wheelbarrow
30:27 Hand Cart
33:38 Murder Holes
36:30 Imperial Age
35:08 Heavy Plow
37:08 Ballistics
37:01 Forging
36:51 Scale Mail Armor
38:24 Perfusion
Terric
1:00 Loom
13:18 Feudal Age
13:48 Double-Bit Axe
17:01 Horse Collar
20:31 Castle Age
19:04 Gold Mining
20:52 Scale Barding Armor
20:57 Forging
21:40 Bow Saw
23:40 Stone Mining
24:17 Town Watch
25:19 Wheelbarrow
24:48 Town Watch
27:50 Stone Shaft Mining
28:08 Heavy Plow
31:35 Imperial Age
29:29 Husbandry
29:52 Bloodlines
31:33 Hand Cart
31:03 Treadmill Crane
31:21 Murder Holes
31:40 Fletching
33:11 Conscription
33:00 Bodkin Arrow
34:28 Crop Rotation
35:51 Hoardings
36:41 Two-Man Saw
35:38 Cavalier
36:42 Ballistics
37:10 Guilds
38:45 Chain Barding Armor
s1R1Us
15:04 Feudal Age
15:41 Double-Bit Axe
17:12 Stone Mining
17:46 Horse Collar
18:24 Gold Mining
24:06 Castle Age
26:09 Gold Shaft Mining
25:37 Heavy Plow
25:51 Bow Saw
32:21 Imperial Age
30:36 Wheelbarrow
32:03 Caravan
33:05 Fletching
33:16 Padded Archer Armor
33:35 Hand Cart
33:41 Hand Cart
34:54 Ballistics
35:50 Conscription
34:53 Elite Janissary
35:39 Bodkin Arrow
36:46 Bracer
37:02 Leather Archer Armor
38:22 Artillery
38:50 Thumb Ring
Connection lost

Rejoining the realm…

Still unreachable

The connection could not be restored.

Session expired

The server has moved on; the page needs a fresh start.